TOP OF THE 1ST |
Salem Sledgehammers batting - Pitching for Chula Vista Tacos : RHP Hoyt Baldwin
|
Pitching: RHP Hoyt Baldwin
|
|
Batting: RHB Ben Simpson
|
0-0: Called Strike 0-1: Foul Ball, location: 2F 0-2: Ground out 5-3 (Groundball, 56S)
|
Batting: LHB Marvin Jones
|
0-0: Ball 1-0: Ball 2-0: SINGLE (Groundball, 13S) (infield hit)
|
Batting: LHB Adrian Neal
|
0-0: Fly out, F9 (Flyball, 9D)
|
Batting: LHB James Navarro
|
0-0: Fly out, F7 (Flyball, 78XD)
|
Top of the 1st over - 0 runs, 1 hit, 0 errors, 1 left on base; Salem 0 - Chula Vista 0 |
BOTTOM OF THE 1ST |
Chula Vista Tacos batting - Pitching for Salem Sledgehammers : RHP Luis Reyes
|
Pitching: RHP Luis Reyes
|
|
Batting: LHB Dale Miller
|
0-0: Ground out 4-3 (Groundball, 4)
|
Batting: RHB Kenny Miller
|
0-0: Ball 1-0: Ball 2-0: Fly out, F9 (Line Drive, 9)
|
Batting: LHB Jean Beauchemin
|
0-0: Called Strike 0-1: Fly out, F9 (Flyball, 89S)
|
Bottom of the 1st over - 0 runs, 0 hits, 0 errors, 0 left on base; Salem 0 - Chula Vista 0 |
TOP OF THE 2ND |
Salem Sledgehammers batting - Pitching for Chula Vista Tacos : RHP Hoyt Baldwin
|
Batting: LHB Roberto Flores
|
0-0: Foul Ball, location: 2F 0-1: Ball 1-1: Called Strike 1-2: Ball 2-2: DOUBLE (Line Drive, 78D)
|
Batting: RHB Roberto Landavazo
|
0-0: Called Strike 0-1: Ball 1-1: Ball 2-1: Ball 3-1: SINGLE (Line Drive, 8LS) Roberto Flores to third
|
Batting: RHB Gary Washington
|
0-0: Foul Ball, location: 2F 0-1: Ball 1-1: Called Strike 1-2: Foul Ball, location: 2F 1-2: Ball 2-2: Ball 3-2: Base on Balls Roberto Landavazo to second
|
Batting: RHB José Sosa
|
0-0: Fielders Choice at 2nd, 6-4 (Groundball, 6M) Roberto Flores scores Roberto Landavazo to third
|
Now at 2B: Barrett Barr
|
|
Batting: SHB Honorato Díaz
|
0-0: Ball 1-0: Ball 2-0: Foul Ball, location: 2F 2-1: Ground out U3 (Groundball, 34) Roberto Landavazo scores José Sosa to second
|
Batting: RHB Ben Simpson
|
0-0: Called Strike 0-1: Ball 1-1: Swinging Strike 1-2: Strikes out swinging
|
Top of the 2nd over - 2 runs, 2 hits, 0 errors, 1 left on base; Salem 2 - Chula Vista 0 |
BOTTOM OF THE 2ND |
Chula Vista Tacos batting - Pitching for Salem Sledgehammers : RHP Luis Reyes
|
Batting: RHB Valentín Saldaña
|
0-0: Ball 1-0: SINGLE (Line Drive, 3D)
|
Batting: RHB Eric Schroeder
|
0-0: Foul Ball, location: 2F 0-1: Called Strike 0-2: Foul Ball, location: 2F 0-2: Foul Ball, location: 2F 0-2: Ball 1-2: Foul Ball, location: 2F 1-2: Foul Ball, location: 2F 1-2: Fly out, F3 (Popup, 3SF)
|
Batting: RHB Barrett Barr
|
0-0: Called Strike 0-1: Called Strike 0-2: Strikes out swinging
|
Batting: LHB Jorge Pineda
|
0-0: Called Strike 0-1: Ball 1-1: Foul Ball, location: 2F 1-2: Strikes out swinging, 2-3 out at first.
|
Bottom of the 2nd over - 0 runs, 1 hit, 0 errors, 1 left on base; Salem 2 - Chula Vista 0 |
TOP OF THE 3RD |
Salem Sledgehammers batting - Pitching for Chula Vista Tacos : RHP Hoyt Baldwin
|
Batting: LHB Marvin Jones
|
0-0: Ball 1-0: Ball 2-0: Foul Ball, location: 2F 2-1: Foul Ball, location: 2F 2-2: Ball 3-2: Fly out, F6 (Popup, 6MD)
|
Batting: LHB Adrian Neal
|
0-0: Ball 1-0: Ball 2-0: Called Strike 2-1: Swinging Strike 2-2: Ball 3-2: Foul Ball, location: 2F 3-2: Ground out 1-3 (Groundball, P)
|
Batting: LHB James Navarro
|
0-0: Ball 1-0: Foul Ball, location: 2F 1-1: Ground out 6-3 (Groundball, 6M)
|
Top of the 3rd over - 0 runs, 0 hits, 0 errors, 0 left on base; Salem 2 - Chula Vista 0 |
BOTTOM OF THE 3RD |
Chula Vista Tacos batting - Pitching for Salem Sledgehammers : RHP Luis Reyes
|
Batting: RHB Daniel Pineda
|
0-0: Foul Ball, location: 2F 0-1: Ball 1-1: DOUBLE (Line Drive, 78D)
|
Batting: RHB Rafael Cardenas
|
0-0: Ball 1-0: Ball 2-0: Ground out 5-3 (Groundball, 56S) Daniel Pineda to third
|
Batting: LHB Dale Miller
|
0-0: Swinging Strike 0-1: Ball 1-1: Ball 2-1: Called Strike 2-2: Strikes out swinging
|
Batting: RHB Kenny Miller
|
0-0: Ball 1-0: Swinging Strike 1-1: Ground out 4-3 (Groundball, 4)
|
Bottom of the 3rd over - 0 runs, 1 hit, 0 errors, 1 left on base; Salem 2 - Chula Vista 0 |
TOP OF THE 4TH |
Salem Sledgehammers batting - Pitching for Chula Vista Tacos : RHP Hoyt Baldwin
|
Batting: LHB Roberto Flores
|
0-0: Fly out, F5 (Popup, 5SF)
|
Batting: RHB Roberto Landavazo
|
0-0: Called Strike 0-1: Foul Ball, location: 2F 0-2: Ball 1-2: Strikes out swinging
|
Batting: RHB Gary Washington
|
0-0: Ball 1-0: Swinging Strike 1-1: Foul Ball, location: 2F 1-2: Ball 2-2: Ball 3-2: Strikes out swinging
|
Top of the 4th over - 0 runs, 0 hits, 0 errors, 0 left on base; Salem 2 - Chula Vista 0 |
BOTTOM OF THE 4TH |
Chula Vista Tacos batting - Pitching for Salem Sledgehammers : RHP Luis Reyes
|
Batting: LHB Jean Beauchemin
|
0-0: SINGLE (Flyball, 3D)
|
Batting: RHB Valentín Saldaña
|
0-0: Ball Wild Pitch! Jean Beauchemin to second 1-0: Ball 2-0: Ball 3-0: Called Strike 3-1: Base on Balls
|
Batting: RHB Eric Schroeder
|
0-0: Swinging Strike 0-1: Ball 1-1: Foul Ball, location: 2F 1-2: Foul Ball, location: 2F 1-2: Foul Ball, location: 2F 1-2: Ball 2-2: Foul Ball, location: 2F 2-2: Foul Ball, location: 2F 2-2: Foul Ball, location: 2F 2-2: Strikes out swinging
|
Batting: RHB Barrett Barr
|
0-0: Swinging Strike 0-1: Foul Ball, location: 2F 0-2: Foul Ball, location: 2F 0-2: Ball 1-2: Ball 2-2: Fly out, F8 (Line Drive, 8LS)
|
Batting: LHB Jorge Pineda
|
0-0: Fly out, F8 (Flyball, 8RM)
|
Bottom of the 4th over - 0 runs, 1 hit, 0 errors, 2 left on base; Salem 2 - Chula Vista 0 |
TOP OF THE 5TH |
Salem Sledgehammers batting - Pitching for Chula Vista Tacos : RHP Hoyt Baldwin
|
Batting: RHB José Sosa
|
0-0: Called Strike 0-1: Ground out 6-3 (Groundball, 6S)
|
Batting: SHB Honorato Díaz
|
0-0: Ball 1-0: Fly out, F5 (Popup, 5SF)
|
Batting: RHB Ben Simpson
|
0-0: Ball 1-0: Ball 2-0: Ball 3-0: Base on Balls
|
Batting: LHB Marvin Jones
|
0-0: Ball Ben Simpson is caught stealing 2nd base
|
Top of the 5th over - 0 runs, 0 hits, 0 errors, 0 left on base; Salem 2 - Chula Vista 0 |
BOTTOM OF THE 5TH |
Chula Vista Tacos batting - Pitching for Salem Sledgehammers : RHP Luis Reyes
|
Batting: RHB Daniel Pineda
|
0-0: Ball 1-0: Ground out 3-1 (Groundball, 34S)
|
Batting: RHB Rafael Cardenas
|
0-0: Called Strike 0-1: Ball 1-1: Ball 2-1: Called Strike 2-2: Fly out, F5 (Popup, 5SF)
|
Batting: LHB Dale Miller
|
0-0: Called Strike 0-1: Called Strike 0-2: Ball 1-2: Ball 2-2: Ball 3-2: Foul Ball, location: 2F 3-2: Foul Ball, location: 2F 3-2: Base on Balls
|
Batting: RHB Kenny Miller
|
0-0: Ball 1-0: Called Strike 1-1: Ball 2-1: Fly out, F8 (Line Drive, 8LD)
|
Bottom of the 5th over - 0 runs, 0 hits, 0 errors, 1 left on base; Salem 2 - Chula Vista 0 |
TOP OF THE 6TH |
Salem Sledgehammers batting - Pitching for Chula Vista Tacos : RHP Hoyt Baldwin
|
Batting: LHB Marvin Jones
|
0-0: Foul Ball, location: 2F 0-1: Ball 1-1: Called Strike 1-2: Reached on error, E6 (Groundball, 6)
|
Batting: LHB Adrian Neal
|
0-0: Ball 1-0: Called Strike 1-1: Fly out, F9 (Flyball, 9LD)
|
Batting: LHB James Navarro
|
0-0: Called Strike 0-1: Grounds into double play, 6-4-3 (Groundball, 6)
|
Top of the 6th over - 0 runs, 0 hits, 1 error, 0 left on base; Salem 2 - Chula Vista 0 |
BOTTOM OF THE 6TH |
Chula Vista Tacos batting - Pitching for Salem Sledgehammers : RHP Luis Reyes
|
Batting: LHB Jean Beauchemin
|
0-0: Fly out, F7 (Flyball, 7D)
|
Batting: RHB Valentín Saldaña
|
0-0: Ball 1-0: Fly out, F7 (Flyball, 7LSF)
|
Batting: RHB Eric Schroeder
|
0-0: Ball 1-0: Ball 2-0: Called Strike 2-1: Ball 3-1: Base on Balls
|
Batting: RHB Barrett Barr
|
0-0: Fly out, F8 (Flyball, 8RD)
|
Bottom of the 6th over - 0 runs, 0 hits, 0 errors, 1 left on base; Salem 2 - Chula Vista 0 |
TOP OF THE 7TH |
Salem Sledgehammers batting - Pitching for Chula Vista Tacos : RHP Hoyt Baldwin
|
Batting: LHB Roberto Flores
|
0-0: Swinging Strike 0-1: Swinging Strike 0-2: Ball 1-2: Strikes out swinging
|
Batting: RHB Roberto Landavazo
|
0-0: Ball 1-0: Swinging Strike 1-1: Ground out 6-3 (Groundball, 6)
|
Batting: RHB Gary Washington
|
0-0: Called Strike 0-1: Ball 1-1: Foul Ball, location: 2F 1-2: Ground out 5-3 (Groundball, 5L)
|
Top of the 7th over - 0 runs, 0 hits, 0 errors, 0 left on base; Salem 2 - Chula Vista 0 |
BOTTOM OF THE 7TH |
Chula Vista Tacos batting - Pitching for Salem Sledgehammers : RHP Luis Reyes
|
Batting: LHB Jorge Pineda
|
0-0: Foul Ball, location: 2F 0-1: Fly out, F7 (Flyball, 7S)
|
Batting: RHB Daniel Pineda
|
0-0: Ball 1-0: SINGLE (Line Drive, 9S)
|
Batting: RHB Rafael Cardenas
|
0-0: Ball 1-0: Fly out, F6 (Popup, 6)
|
Batting: LHB Dale Miller
|
0-0: Ball 1-0: Ball 2-0: Foul Ball, location: 2F 2-1: Ball Daniel Pineda steals 2nd base 3-1: Ground out 6-3 (Groundball, 6)
|
Bottom of the 7th over - 0 runs, 1 hit, 0 errors, 1 left on base; Salem 2 - Chula Vista 0 |
TOP OF THE 8TH |
Salem Sledgehammers batting - Pitching for Chula Vista Tacos : RHP Hoyt Baldwin
|
Pitching: RHP Paul Tidwell
|
|
Batting: RHB José Sosa
|
0-0: Ball 1-0: Ball 2-0: Called Strike 2-1: Foul Ball, location: 2F 2-2: Foul Ball, location: 2F 2-2: Ball 3-2: Base on Balls
|
Batting: SHB Honorato Díaz
|
0-0: Ball 1-0: Bunted foul 1-1: Ball 2-1: Sac Bunt - play at first, batter OUT! 1-4 José Sosa to second
|
Batting: RHB Ben Simpson
|
0-0: Ball 1-0: Ball 2-0: Ball 3-0: Base on Balls
|
Batting: LHB Marvin Jones
|
0-0: Called Strike José Sosa steals 3rd base 0-1: Ball Wild Pitch! José Sosa scores Ben Simpson to second 1-1: Intentional Walk
|
Batting: LHB Adrian Neal
|
0-0: Ball Ben Simpson steals 3rd base 1-0: Ball 2-0: Ball 3-0: Base on Balls Marvin Jones to second
|
Batting: LHB James Navarro
|
0-0: Ball 1-0: Ball 2-0: SINGLE (Flyball, 78S) Ben Simpson scores Marvin Jones to third Adrian Neal to second Runner from 3rd tries for Home, SAFE, no throw
|
Pitching: RHP Shane Thompson
|
|
Batting: LHB Roberto Flores
|
0-0: Ball 1-0: Ball 2-0: Called Strike 2-1: Called Strike 2-2: Ball 3-2: Strikes out swinging
|
Batting: RHB Roberto Landavazo
|
0-0: Foul Ball, location: 2F 0-1: Ball 1-1: Called Strike 1-2: Ball 2-2: Foul Ball, location: 2F 2-2: Strikes out looking
|
Top of the 8th over - 3 runs, 1 hit, 0 errors, 2 left on base; Salem 5 - Chula Vista 0 |
BOTTOM OF THE 8TH |
Chula Vista Tacos batting - Pitching for Salem Sledgehammers : RHP Luis Reyes
|
Now at SS: Jeffrey Dunbar
|
|
Batting: RHB Kenny Miller
|
0-0: Ground out 4-3 (Groundball, 4)
|
Batting: LHB Jean Beauchemin
|
0-0: Ball 1-0: Ground out 6-3 (Groundball, 6)
|
Batting: RHB Valentín Saldaña
|
0-0: Called Strike 0-1: SINGLE (Groundball, 4MD)
|
Batting: RHB Eric Schroeder
|
0-0: Called Strike 0-1: Foul Ball, location: 2F 0-2: Ball Wild Pitch! Valentín Saldaña to second 1-2: Foul Ball, location: 2F 1-2: Foul Ball, location: 2F 1-2: Ball 2-2: Strikes out looking
|
Bottom of the 8th over - 0 runs, 1 hit, 0 errors, 1 left on base; Salem 5 - Chula Vista 0 |
TOP OF THE 9TH |
Salem Sledgehammers batting - Pitching for Chula Vista Tacos : RHP Shane Thompson
|
Batting: RHB Gary Washington
|
0-0: Ball 1-0: Swinging Strike 1-1: Foul Ball, location: 2F 1-2: Foul Ball, location: 2F 1-2: Strikes out looking
|
Batting: RHB José Sosa
|
0-0: Foul Ball, location: 2F 0-1: Ball 1-1: Swinging Strike 1-2: Ball 2-2: Strikes out looking
|
Batting: SHB Honorato Díaz
|
0-0: Swinging Strike 0-1: Called Strike 0-2: Ball 1-2: Ball 2-2: Strikes out swinging
|
Top of the 9th over - 0 runs, 0 hits, 0 errors, 0 left on base; Salem 5 - Chula Vista 0 |
BOTTOM OF THE 9TH |
Chula Vista Tacos batting - Pitching for Salem Sledgehammers : RHP Luis Reyes
|
Pitching: RHP Luis Rosado
|
|
Batting: RHB Barrett Barr
|
0-0: Ball 1-0: Called Strike 1-1: Ball 2-1: Ball 3-1: Foul Ball, location: 2F 3-2: Strikes out swinging
|
Batting: LHB Jorge Pineda
|
0-0: Swinging Strike 0-1: Fly out, F6 (Popup, 6)
|
Batting: RHB Daniel Pineda
|
0-0: Ball 1-0: DOUBLE (Line Drive, 89D)
|
Batting: RHB Rafael Cardenas
|
0-0: Ball 1-0: Foul Ball, location: 2F 1-1: Ball 2-1: Ball 3-1: Base on Balls
|
Batting: LHB Dale Miller
|
0-0: Ball 1-0: Ball 2-0: Ball 3-0: Called Strike 3-1: Base on Balls Daniel Pineda to third Rafael Cardenas to second
|
Pitching: RHP Clay White
|
|
Batting: RHB Kenny Miller
|
0-0: Called Strike 0-1: Ball 1-1: Ground out 1-3 (Groundball, 13)
|
Bottom of the 9th over - 0 runs, 1 hit, 0 errors, 3 left on base; Salem 5 - Chula Vista 0 |
|